[Event "Late-Titled-Tuesday-Blitz-April-02-2024"]
[Site "Chess.com"]
[Date "2024.04.02"]
[Round "1"]
[White "TheCount"]
[Black "PapaieDudu"]
[Result "1-0"]
[WhiteElo "2675"]
[BlackElo "2386"]
[TimeControl "180+1"]
[EndTime "14:08:43 PDT"]
[Termination "TheCount won by resignation"]

1. d4 d5 2. c4 e6 3. Nf3 Nf6 4.
Qc2 a6 5. cxd5 exd5 6. Nc3 Bd6 7. Bg5 Be6 8. e3 h6 9. Bh4 Nbd7 10. Bd3 O-O 11. h3 c5 12. dxc5 Nxc5 13. Bf5 g5 14.
Nxg5 hxg5 15. Bxg5 Be7 16. O-O-O Nfe4 17. Bxe7 Qxe7 18. Nxd5 Bxd5 19. Rxd5 Rad8 20. Rhd1 Rxd5 21. Rxd5 Rd8 22. Rxd8+ Qxd8 23. Bxe4 Qa5 24. Bf3 b6 25. b3 Qa3+ 26. Kd2 Qb4+ 27. Kd1 Qb5 28. Qc4 Qd7+ 29. Qd5 Qb5 30. Be2 Qa5 31. a4 Qc3 32. Bc4 Qa1+ 33.
Ke2 Qb2+ 34. Kf3 Qf6+ 35. Kg3 Kg7 36. f4 Qc3 37. Qxf7+ Kh6 38. Qf8+ Kh7 39. Qg8+ Kh6 40. Qg5+ Kh7 41. Qf5+ Kh6 42. Qg5+ Kh7 43. Qh5+ Kg7 44. Qf3 Qe1+ 45. Kh2 Kf6 46. Qc6+ Kf5 47. Qd5+ Kf6 48.
Qe5+ Kg6 49. f5+ Kh7 50. f6 Kg6 51. f7 Qf1 52. Qg3+ Kf6 53. Qf4+ Qxf4+ 54. exf4 Ke7 55.
Kg3 b5 56. axb5 axb5 57. Bxb5 Nxb3 58. Bc4 Nd2 59. Bd3 Nb3 60. h4 Nc5 61. Bf5 Kxf7 62. Kf3 Kf6 63. g4 Nb3 64. Be4 Nd2+ 65. Ke3 Nf1+ 66. Kf2 Nd2 67. g5+ Kg7 68. Ke3 Nc4+ 69. Kd4 Nd2 70. h5 Nf1 71. h6+ Kf7 72. Ke5 Ng3 73. g6+ Kg8 74. Bd5+ Kh8 75. g7+ Kh7 76.
g8=Q+ Kxh6 77. Qxg3 Kh7 78. Bf7 1-0

[Event "Late-Titled-Tuesday-Blitz-April-02-2024"]
[Site "Chess.com"]
[Date "2024.04.02"]
[Round "1"]
[White "Iball95"]
[Black "Cambek64"]
[Result "1-0"]
[WhiteElo "2920"]
[BlackElo "2501"]
[TimeControl "180+1"]
[EndTime "14:08:53 PDT"]
[Termination "Iball95 won on time"]

1. e4 e6 2. d4 d5 3. Nc3 Nc6 4.
Nf3 Nf6 5. Bd3 Nb4 6. e5 Nd7 7. Bg5 Be7 8. Bxe7 Qxe7 9. Be2 Nb6 10. O-O O-O 11. Re1 a6 12. a3 Nc6 13. Qd2 Bd7 14.
h3 Rfd8 15. Bd3 Rac8 16. Ne2 Na7 17. c3 Bb5 18. Bc2 Bxe2 19. Rxe2 Nc4 20. Qd3 g6 21. Bb3 c5 22. Rd1 Nxb2 23. Rxb2 c4 24. Qe3 cxb3 25. Rxb3 Nc6 26. a4 Na5 27. Rb4 Rc7 28. h4 Rdc8 29.
Rd3 Kg7 30. h5 h6 31. hxg6 fxg6 32. g3 Nc4 33. Qe2 Qf7 34. Kg2 Qf5 35. Nd2 Nxd2 36.
Qxd2 Qe4+ 37. f3 Qf5 38. Rb1 g5 39. a5 Rf8 40. g4 Qg6 41. Rb6 Rf4 42. Re3 Rcf7 43.
Qb2 h5 44. Rxb7 hxg4 45. Rxf7+ Rxf7 46. fxg4 Qh6 47. Rh3 Qg6 48. Qe2 Qb1 49. Rh1 Qe4+ 50. Qxe4 dxe4 51. Rb1 Rc7 52. Rb6 Rxc3 53. Rxe6 Rd3 54.
Rd6 e3 55. Kf3 Kf7 56. d5 Ke7 57. Ke2 Ra3 58. Rxa6 Ra4 59. Ra7+ Ke8 60. Kxe3 Rxg4 61. e6 Rg1 62. Kd4 Rd1+ 63. Ke5 1-0

[Event "Late-Titled-Tuesday-Blitz-April-02-2024"]
[Site "Chess.com"]
[Date "2024.04.02"]
[Round "1"]
[White "GoltsevDmitry2000"]
[Black "Inepton_Fermion"]
[Result "0-1"]
[WhiteElo "2803"]
[BlackElo "2471"]
[TimeControl "180+1"]
[EndTime "14:09:06 PDT"]
[Termination "Inepton_Fermion won by checkmate"]

1. e4 c6 2. e5 d6 3. exd6 exd6 4.
d4 Nf6 5. Nf3 d5 6. c4 dxc4 7.
Bxc4 Bb4+ 8. Nc3 O-O 9. O-O h6 10. Qd3 Qd7 11. Bxh6 Qf5 12. Qxf5 Bxf5 13. Bg5 Bxc3 14.
bxc3 Ne4 15. Rac1 Bg4 16. Bf4 Bxf3 17. gxf3 Nf6 18. Rfe1 Nbd7 19. Re7 Rae8 20. Rce1 Rxe7 21. Rxe7 Nb6 22. Bb3 Nbd5 23. Rxb7 Nxf4 24. Rxa7 Ne2+ 25. Kg2 Nxc3 26. Rc7 Nb5 27. Rb7 Nxd4 28. Bc4 Nd5 29. Kg3 Nf5+ 30. Kg2 Nd6 31. Bxd5 Nxb7 32. Bxc6 Nc5 33.
Kg3 Rc8 34. Bd5 Rc7 35. Kf4 Kf8 36. Ke5 Ke7 37. Kd4 Kd6 38. Bc4 Ra7 39. h4 f6 40.
h5 Ra3 41. f4 Ne6+ 42. Ke4 Ra4 43. Kd3 Nxf4+ 44. Kc3 Nxh5 45. Kb3 Ra7 46. a4 Kc5 47.
Bf1 Nf4 48. Bb5 Ne6 49. Kc3 g5 50. Kd3 f5 51. Ke3 Nf4 52. Kf3 Nd5 53. Kg3 Nc3 54. Bd3 Ne4+ 55. Kf3 Kd4 56. Bb5 Nc3 57. Be8 Nxa4 58.
Bg6 Ke5 59. Be8 Nc5 60. Bb5 Ra3+ 61. Ke2 Kf4 62. Bc6 Ra2+ 63. Kf1 Ne4 64. Kg1 g4 65. Bd5 Rb2 66. Bc6 Nxf2 67. Bd5 Nh3+ 68. Kf1 g3 69. Ke1 Nf2 70. Bg2 Ne4 71. Bh3 g2 72. Bxg2 Rxg2 73.
Kf1 Kf3 74. Ke1 Re2+ 75. Kd1 Nf2+ 76. Kc1 Ke3 77. Kb1 Kd3 78. Ka1 Kc3 79. Kb1 Rc2 80. Ka1 Rd2 81. Kb1 Nd3 82. Ka1 Kb3 83.
Kb1 Rd1# 0-1

[Event "Late-Titled-Tuesday-Blitz-April-02-2024"]
[Site "Chess.com"]
[Date "2024.04.02"]
[Round "1"]
[White "ProfessorChess101"]
[Black "dosto07"]
[Result "0-1"]
[WhiteElo "2787"]
[BlackElo "2467"]
[TimeControl "180+1"]
[EndTime "14:09:18 PDT"]
[Termination "dosto07 won by checkmate"]

1. Nf3 d5 2. g3 Nf6 3. Bg2 Bf5 4. O-O e6 5. c4 c6 6. Qb3 Qb6 7. d3 Nbd7 8. Be3 Bc5 9. d4 Be7 10. Nc3 dxc4 11. Qxc4 Qxb2 12. Nh4 Nb6 13. Qb3 Qxb3 14.
axb3 Bc2 15. Rfc1 Bg6 16. Nxg6 hxg6 17. Na4 O-O 18. Bd2 Nfd5 19. e4 Nc7 20. Nc5 Bxc5 21. dxc5 Nd7 22. Be3 Nb5 23. Bf1 a6 24. Ra2 Ne5 25.
Be2 Rfd8 26. h4 f5 27. h5 gxh5 28. exf5 exf5 29. Bxh5 Rd5 30. Be2 Rad8 31. Ra4 Kf8 32. Rh4 g6 33. Rh7 R5d7 34. Rh4 Kg7 35. Kg2 Kf6 36.
Rch1 Nf7 37. Bc4 Ne5 38. Be2 Nd4 39. Bd1 Nf7 40. Rh7 Ne6 41. Be2 Neg5 42. R7h2 Ne4 43. Bf3 Neg5 44. Be2 Ne6 45. Rh4 Nd4 46. Bc4 Ne5 47.
Bf1 Ng4 48. Bf4 Ne6 49. Bc1 Rd1 50. Bb2+ Ne5 51. f4 R8d2+ 52. Kg1 Rxb2 53. fxe5+ Kxe5 54. R1h2 Rbb1 55. Rf2 Ng5 56. Kg2 Ne4 57. Rf3 Rd2+ 58. Kg1 Rbb2 59. Rh8 Kd4 60. Rd8+ Kxc5 61. Rb8 Rb1 62. g4 b5 63. gxf5 gxf5 64. Rxf5+ Kd4 65. Rf3 Rdd1 66. Rd8+ Kc5 67. Re8 Nd2 68. Rf5+ Kb6 69.
Rb8+ Ka5 70. Rbf8 Rxf1+ 71. Rxf1 Rxf1+ 72. Rxf1 Nxf1 73. Kxf1 Kb4 74. Ke2 Kxb3 75. Kd1 Kb2 76. Kd2 a5 77. Kd3 a4 78. Kd4 a3 79. Kc5 a2 80. Kxc6 a1=Q 81. Kxb5 Qc1 82. Kb4 Qc3+ 83. Kb5 Qd4 84. Kc6 Kb3 85. Kb5 Qc4+ 86. Kb6 Qd5 87. Kc7 Kb4 88. Kb6 Qc5+ 89. Kb7 Qd6 90. Ka8 Qe7 91. Kb8 Kc4 92. Ka8 Qf7 93. Kb8 Kb5 94.
Ka8 Kc5 95. Kb8 Kb6 96. Ka8 Qa7# 0-1

[Event "Late-Titled-Tuesday-Blitz-April-02-2024"]
[Site "Chess.com"]
[Date "2024.04.02"]
[Round "1"]
[White "GMBenjaminBok"]
[Black "flawian2008"]
[Result "1/2-1/2"]
[WhiteElo "3009"]
[BlackElo "2531"]
[TimeControl "180+1"]
[EndTime "14:09:24 PDT"]
[Termination "Game drawn by repetition"]

1. d4 Nf6 2. c4 e6 3. Nc3 Bb4 4. Qc2 O-O 5. a3 Bxc3+ 6. Qxc3 d5 7. Bg5 c5 8. dxc5 d4 9. Qf3 Nc6 10. b4 e5 11. e3 e4 12. Bxf6 gxf6 13. Qxe4 dxe3 14.
fxe3 Re8 15. Qf4 a5 16. b5 Ne5 17. Nf3 Nd3+ 18. Bxd3 Qxd3 19. Kf2 Qc2+ 20. Kg1 Re4 21. Qxf6 Rg4 22. Qd8+ Kg7 23. Qd2 Rxc4 24. Qxc2 Rxc2 25. c6 bxc6 26. Nd4 Rd2 27. bxc6 Rb8 28. h4 Rbb2 29.
Rh2 Kf6 30. Rf1+ Ke7 31. h5 Be6 32. h6 Kd6 33. Nxe6 fxe6 34. Rc1 Kc7 35. e4 Ra2 36. e5 Rxa3 37. Rh3 Rxh3 38. gxh3 Rd5 39. Rf1 Rxe5 40. Rf7+ Kxc6 41. Rxh7 Rh5 42. Kg2 a4 43. Kg3 a3 44. Ra7 Rxh6 45. Rxa3 Kd6 46. Kg4 Ke5 47.
Kg5 Rh8 48. Re3+ Kd6 49. h4 Ke7 50. h5 Kf7 51. h6 Rg8+ 52. Kh5 Rg1 53. Rf3+ Kg8 54.
Ra3 Rh1+ 55. Kg6 Rg1+ 56. Kf6 Kh7 57. Rd3 Rg6+ 58. Kf7 Rxh6 59. Rg3 Rh1 60. Kxe6 Re1+ 61. Kf6 Rf1+ 62. Ke6 Re1+ 63. Kf5 Rf1+ 64. Ke5 Re1+ 65. Kf6 Rf1+ 66. Ke7 Re1+ 67. Kd6 Rd1+ 68. Ke5 Re1+ 69. Kd4 Rd1+ 70. Ke3 Re1+ 71. Kf2 Re6 72. Ra3 Rf6+ 73. Kg3 Rg6+ 74. Kf4 Rf6+ 75. Kg5 Rf1 76. Ra7+ Kg8 77. Kg6 Rg1+ 78. Kf6 Rf1+ 79. Ke6 Re1+ 80. Kf5 Rf1+ 81. Ke4 Re1+ 82. Kf3 Rf1+ 83. Ke3 Rf7 84. Ra6 Kg7 85.
Ke4 Rf1 86. Ke5 Rf2 87. Ra1 Rf3 88. Rg1+ Kf7 89. Rb1 Kg7 90. Ke4 Rf8 91. Ke5 Rf2 92. Rg1+ Kf7 93. Rc1 Kg7 94. Rc7+ Kg6 95. Rc6+ Kg7 96.
Rc3 Re2+ 97. Kf4 Rf2+ 98. Ke3 Rf6 99. Rc7+ Rf7 100. Rc1 Rf6 101. Ke4 Re6+ 102. Kf5 Rf6+ 103. Ke5 Rf2 104. Rg1+ Kf7 105. Ra1 Kg6 106. Rg1+ Kf7 1/2-1/2

[Event "Late-Titled-Tuesday-Blitz-April-02-2024"]
[Site "Chess.com"]
[Date "2024.04.02"]
[Round "1"]
[White "kai_nov"]
[Black "karinachess1"]
[Result "0-1"]
[WhiteElo "2290"]
[BlackElo "2618"]
[TimeControl "180+1"]
[EndTime "14:09:34 PDT"]
[Termination "karinachess1 won on time"]

1. d4 Nf6 2. c4 e6 3. Nc3 d5 4.
cxd5 exd5 5. Bg5 c6 6. e3 Be7 7. Bd3 Nbd7 8. h3 O-O 9. Qc2 Re8 10. Nf3 Ne4 11. Bxe4 dxe4 12. Bxe7 Qxe7 13. Nd2 Nf6 14. O-O Bf5 15. Rfc1 Qe6 16. Kh2 Rad8 17. Ne2 Nd5 18. a3 h5 19. Nc4 h4 20. b4 a6 21. Rab1 Qe7 22. Rb3 Qc7+ 23. Kg1 Re6 24. Ne5 f6 25.
Nc4 g5 26. a4 Kh7 27. b5 axb5 28. axb5 g4 29. bxc6 bxc6 30. Qb2 Qg7 31. Rb7 Re7 32. Rxe7 Nxe7 33. hxg4 Bxg4 34. Nf4 Rg8 35. Kf1 h3 36. gxh3 Bf3 37. Ke1 Qg1+ 38. Kd2 Qxf2+ 39. Kc3 Qh4 40. Qb7 f5 41. Qd7 Qf6 42. Ne5 Rg7 43. Rb1 Nd5+ 44. Nxd5 cxd5 45. Qc6 Qxc6+ 46. Nxc6 Rc7 47. Rb6 Kg6 48.
Kd2 Kg5 49. Ne5 Rh7 50. Rg6+ Kh4 51. Nxf3+ exf3 52. Ke1 Kxh3 53. Kf2 Kh4 54. Kxf3 Rd7 55. Kf4 Kh5 56. Rg5+ Kh6 57. Rxf5 Kg6 58. Rf8 Kg7 59. Rf5 Kg6 60. Re5 Kf6 61. Rf5+ Ke6 62. Rh5 Rf7+ 63. Kg4 Kd6 64. Rh6+ Kd7 65. Kg5 Rf8 66. Kg4 Rf7 67. Rg6 Rf8 68. Kg3 Rf7 69. Rg4 Kd6 70. Rf4 Rg7+ 71. Kf3 Re7 72. Rh4 Rf7+ 73. Ke2 Ra7 74. Rh6+ Kc7 75. Kf3 Ra8 76. Rh7+ Kd6 77. Rh6+ Kd7 78.
Kf4 Re8 79. Rf6 Re4+ 80. Kf3 Re7 81. Ra6 Re8 82. Ke2 Re4 83. Kd3 Re8 84. Kc3 Rxe3+ 85. Kb4 Re1 86. Kc5 Rh1 87. Ra7+ Kd8 0-1

[Event "Late-Titled-Tuesday-Blitz-April-02-2024"]
[Site "Chess.com"]
[Date "2024.04.02"]
[Round "2"]
[White "chess_sharparchitect"]
[Black "kikoveiga"]
[Result "1-0"]
[WhiteElo "2289"]
[BlackElo "2498"]
[TimeControl "180+1"]
[EndTime "14:11:21 PDT"]
[Termination "chess_sharparchitect won by resignation"]

1. c4 e5 2. Nc3 Nf6 3. g3 c6 4. d4 exd4 5. Qxd4 d5 6. Bg2 Be6 7. cxd5 cxd5 8. Nf3 Nc6 9. Qa4 d4 10. Nxd4 Qxd4 11. Bxc6+ Qd7 12. Bxd7+ Bxd7 1-0

[Event "Late-Titled-Tuesday-Blitz-April-02-2024"]
[Site "Chess.com"]
[Date "2024.04.02"]
[Round "2"]
[White "Cluke86"]
[Black "ozates"]
[Result "0-1"]
[WhiteElo "2320"]
[BlackElo "2567"]
[TimeControl "180+1"]
[EndTime "14:11:57 PDT"]
[Termination "ozates won by resignation"]

1. e4 c5 2. Nc3 Nc6 3. f4 g6 4. Nf3 Bg7 5. a4 e6 6. e5 d6 7. Bb5 Ne7 8. Ne4 dxe5 9. fxe5 O-O 10. d4 Nxd4 11. Nf6+ Bxf6 12. exf6 Nd5 13. Bh6 Qxf6 14. Bxf8 Ne3 15. Qe2 Nxe2 0-1

[Event "Late-Titled-Tuesday-Blitz-April-02-2024"]
[Site "Chess.com"]
[Date "2024.04.02"]
[Round "2"]
[White "vladislavkovalev"]
[Black "AjedrezenMadrid"]
[Result "1-0"]
[WhiteElo "2880"]
[BlackElo "2577"]
[TimeControl "180+1"]
[EndTime "14:12:06 PDT"]
[Termination "vladislavkovalev won by resignation"]

1. e4 c6 2. Nf3 d5 3. d3 dxe4 4. dxe4 Qxd1+ 5. Kxd1 Nd7 6. Ne1 Ngf6 7. f3 g6 8. Be3 Bg7 9. Nd2 O-O 10. a4 a5 11.
c3 Rd8 12. Kc2 Ne8 13. Nc4 c5 14. Rd1 Ra6 15. Bxc5 Bf6 16. Nb6 Nxc5 17. Rxd8 Rxb6 18. Rxe8+ 1-0

[Event "Late-Titled-Tuesday-Blitz-April-02-2024"]
[Site "Chess.com"]
[Date "2024.04.02"]
[Round "2"]
[White "PNEPaul"]
[Black "AsaHoffmann"]
[Result "0-1"]
[WhiteElo "1966"]
[BlackElo "2415"]
[TimeControl "180+1"]
[EndTime "14:12:12 PDT"]
[Termination "AsaHoffmann won by resignation"]

1. e4 d6 2. Nc3 c6 3. g3 b5 4. a3 a6 5. Bg2 Bb7 6. Nge2 c5 7.
O-O e5 8. d3 Nf6 9. h3 h6 10.
Be3 Nc6 11. Qd2 Nd4 12. Nd5 Nxd5 13. exd5 Be7 14. c3 Nb3 15. Qc2 Nxa1 16. Rxa1 O-O 17. f4 f5 18. g4 Qd7 19. g5 hxg5 20. fxg5 f4 21. Bf2 Bxg5 22. Nc1 f3 23. Bf1 Bxd5 24.
c4 Be6 0-1

[Event "Late-Titled-Tuesday-Blitz-April-02-2024"]
[Site "Chess.com"]
[Date "2024.04.02"]
[Round "2"]
[White "Slovineanu"]
[Black "MikeSailer"]
[Result "1-0"]
[WhiteElo "2467"]
[BlackElo "2191"]
[TimeControl "180+1"]
[EndTime "14:12:47 PDT"]
[Termination "Slovineanu won by resignation"]

1. d4 d5 2. Nf3 Nf6 3. c4 Bf5 4.
Nc3 e6 5. Bg5 Be7 6. Qb3 Nc6 7.
Bxf6 gxf6 8. cxd5 Nb4 9. e4 Bg4 10. a3 Na6 11. Qxb7 exd5 12. Bxa6 dxe4 13. Qxe4 Bxf3 14.
Qxf3 Rb8 15. O-O Qxd4 16. Rad1 1-0

[Event "Late-Titled-Tuesday-Blitz-April-02-2024"]
[Site "Chess.com"]
[Date "2024.04.02"]
[Round "2"]
[White "cthake"]
[Black "semchik73"]
[Result "1-0"]
[WhiteElo "1825"]
[BlackElo "2396"]
[TimeControl "180+1"]
[EndTime "14:12:56 PDT"]
[Termination "cthake won by resignation"]

1. c4 e5 2. Nc3 Nf6 3. d3 d5 4.
cxd5 Nxd5 5. g3 Nc6 6. Bg2 Be6 7.
Bd2 Be7 8. Nf3 O-O 9. O-O f5 10.
Nxd5 Bxd5 11. Ne1 Bxg2 12. Nxg2 Bf6 13. Qb3+ Kh8 14. Qxb7 Nd4 15. e3 Nf3+ 16. Qxf3 e4 17. Qd1 Qxd3 18. Bc3 Qb5 19. Bxf6 Rxf6 20. Qb3 Qa6 21.
Rac1 Rb6 22. Qd5 Rc8 23. Rxc7 Rf8 24. Qd7 Rg6 25. Nf4 Rg5 26. Ne6 1-0

[Event "Late-Titled-Tuesday-Blitz-April-02-2024"]
[Site "Chess.com"]
[Date "2024.04.02"]
[Round "2"]
[White "jinxy2009"]
[Black "Manukyan_Artak"]
[Result "0-1"]
[WhiteElo "2287"]
[BlackElo "2540"]
[TimeControl "180+1"]
[EndTime "14:12:58 PDT"]
[Termination "Manukyan_Artak won by resignation"]

1. e4 c6 2. d4 d5 3. Nc3 dxe4 4. Nxe4 Nf6 5. Nxf6+ exf6 6. Nf3 Bd6 7. Bd3 O-O 8.
O-O Bg4 9. h3 Bh5 10. c3 Re8 11.
Be3 Nd7 12. Re1 Qc7 13. Qc2 Bxf3 14. Bxh7+ Kh8 15. gxf3 g6 16. Bxg6 fxg6 17. Kh1 Nf8 18. Rg1 Qh7 19. Kg2 g5 20. Qb3 Ng6 0-1

[Event "Late-Titled-Tuesday-Blitz-April-02-2024"]
[Site "Chess.com"]
[Date "2024.04.02"]
[Round "2"]
[White "JERO-8914"]
[Black "SaqoChess_Twitch"]
[Result "1-0"]
[WhiteElo "2458"]
[BlackElo "2681"]
[TimeControl "180+1"]
[EndTime "14:13:00 PDT"]
[Termination "JERO-8914 won by resignation"]

1. c4 Nf6 2. Nc3 e6 3. e4 c5 4.
Nf3 d6 5. d4 cxd4 6. Nxd4 Nc6 7.
Be3 Be7 8. Be2 O-O 9. O-O Nxd4 10. Bxd4 b6 11. Bf3 Bb7 12. e5 Bxf3 13. Qxf3 dxe5 14.
Bxe5 Qc8 15. b3 Nd7 16. Bd4 Bf6 17. Rad1 Bxd4 18. Rxd4 Rd8 19. Rfd1 Qc7 20. Rxd7 1-0

[Event "Late-Titled-Tuesday-Blitz-April-02-2024"]
[Site "Chess.com"]
[Date "2024.04.02"]
[Round "2"]
[White "The_Straightforward_Rook"]
[Black "yaguigor"]
[Result "0-1"]
[WhiteElo "2368"]
[BlackElo "2623"]
[TimeControl "180+1"]
[EndTime "14:13:01 PDT"]
[Termination "yaguigor won by resignation"]

1. e4 c5 2. c3 Nf6 3. e5 Nd5 4. Nf3 Nc6 5. Bc4 e6 6. d4 cxd4 7. O-O d6 8. cxd4 Be7 9. Qe2 O-O 10. Rd1 Na5 11. Bxd5 exd5 12. Nc3 Be6 13. Bf4 a6 14. h3 Rc8 15. Rac1 Re8 16. Nh2 Nc6 17. exd6 Bxd6 18.
Bxd6 Qxd6 19. Qd2 Ne7 20. Ng4 Bxg4 21. hxg4 Ng6 22. Qg5 Nf4 23. g3 Nh3+ 0-1

[Event "Late-Titled-Tuesday-Blitz-April-02-2024"]
[Site "Chess.com"]
[Date "2024.04.02"]
[Round "2"]
[White "KuzubovYuriy"]
[Black "Squirlolz"]
[Result "1-0"]
[WhiteElo "2921"]
[BlackElo "2583"]
[TimeControl "180+1"]
[EndTime "14:13:02 PDT"]
[Termination "KuzubovYuriy won by resignation"]

1. d4 c5 2. d5 g6 3. e4 Bg7 4. h4 e6 5. Nc3 exd5 6. Nxd5 Nf6 7. Bg5 Qa5+ 8. b4 cxb4 9. Bxf6 b3+ 10. Qd2 b2 11.
Qxa5 bxa1=Q+ 12. Bxa1 Bxa1 13. Nc7+ Kf8 14. Nxa8 Nc6 15.
Qa3+ Kg7 16. c3 Re8 17. Qc1 Rxe4+ 18. Be2 Nd4 19. cxd4 1-0

[Event "Late-Titled-Tuesday-Blitz-April-02-2024"]
[Site "Chess.com"]
[Date "2024.04.02"]
[Round "2"]
[White "LeonardoL2005"]
[Black "giomar27"]
[Result "0-1"]
[WhiteElo "2204"]
[BlackElo "2469"]
[TimeControl "180+1"]
[EndTime "14:13:06 PDT"]
[Termination "giomar27 won by resignation"]

1. e4 d6 2. Nc3 Nf6 3. g3 g6 4.
Bg2 Bg7 5. d3 O-O 6. Be3 e5 7.
h3 c6 8. Qd2 b5 9. Bh6 Nbd7 10.
Bxg7 Kxg7 11. f4 b4 12. Nce2 Qb6 13. Nf3 a5 14. f5 Nc5 15. g4 Ncxe4 16. dxe4 Nxe4 17.
Qd3 Qf2+ 18. Kd1 Qxg2 19. Qxe4 Qxh1+ 20. Neg1 Ba6 21. f6+ Kxf6 22. g5+ Kg7 23. Qg4 f5 24. Qh4 e4 25. Qh6+ Kg8 0-1

[Event "Late-Titled-Tuesday-Blitz-April-02-2024"]
[Site "Chess.com"]
[Date "2024.04.02"]
[Round "2"]
[White "PonyQueen07"]
[Black "NovakRatko"]
[Result "1-0"]
[WhiteElo "2232"]
[BlackElo "2433"]
[TimeControl "180+1"]
[EndTime "14:13:10 PDT"]
[Termination "PonyQueen07 won by resignation"]

1. c4 c6 2. e4 d5 3. exd5 cxd5 4. d4 Nc6 5. Nc3 Nf6 6. Nf3 Ng8 7. Nxd5 e6 8. Nc3 Bb4 9. Be2 Nf6 10. O-O h6 11. d5 exd5 12. cxd5 Ne7 13. Qa4+ Bd7 14.
Qxb4 Nexd5 15. Nxd5 Nxd5 16. Qxb7 Nf6 17. Bb5 O-O 18.
Bxd7 Qxd7 19. Qxd7 Nxd7 1-0

[Event "Late-Titled-Tuesday-Blitz-April-02-2024"]
[Site "Chess.com"]
[Date "2024.04.02"]
[Round "2"]
[White "Aygehovit1992"]
[Black "DirtyKabab"]
[Result "1-0"]
[WhiteElo "2870"]
[BlackElo "2575"]
[TimeControl "180+1"]
[EndTime "14:13:31 PDT"]
[Termination "Aygehovit1992 won by resignation"]

1. e4 g6 2. d4 Nf6 3. Nc3 d5 4. e5 Ne4 5. Nxe4 dxe4 6. Bc4 Bg7 7. Ne2 c5 8. c3 Nc6 9. O-O O-O 10. Be3 b6 11. e6 f5 12. dxc5 Na5 13. Bd5 Ba6 14.
Bxa8 Qxa8 15. cxb6 Rd8 16. Qa4 Bxe2 17. Qxa5 Bxf1 18.
b7 Qb8 19. Bf4 1-0

[Event "Late-Titled-Tuesday-Blitz-April-02-2024"]
[Site "Chess.com"]
[Date "2024.04.02"]
[Round "2"]
[White "BillCoe"]
[Black "MusicCityMaster"]
[Result "0-1"]
[WhiteElo "2118"]
[BlackElo "2432"]
[TimeControl "180+1"]
[EndTime "14:13:36 PDT"]
[Termination "MusicCityMaster won by resignation"]

1. e4 e6 2. d4 d5 3. Nd2 Nc6 4. c3 e5 5. exd5 Qxd5 6. dxe5 Bf5 7. Ngf3 O-O-O 8. Bc4 Qd7 9. O-O Bc5 10. Qe2 Kb8 11. Ne4 Bb6 12. Bg5 Re8 13. Ng3 Bg6 14. Rad1 Qg4 15. Be3 f6 16. Bxb6 axb6 17. h3 Qf4 18.
Qd2 Qxc4 19. b3 Qe6 20. exf6 Nxf6 21. Rfe1 Qc8 22. Nd4 Nxd4 23. Qxd4 Rxe1+ 24. Rxe1 Rd8 25. Qe5 Re8 0-1

[Event "Late-Titled-Tuesday-Blitz-April-02-2024"]
[Site "Chess.com"]
[Date "2024.04.02"]
[Round "2"]
[White "Slovak_fighter2000"]
[Black "ellennilssen"]
[Result "1-0"]
[WhiteElo "2567"]
[BlackElo "2316"]
[TimeControl "180+1"]
[EndTime "14:13:46 PDT"]
[Termination "Slovak_fighter2000 won by checkmate"]

1. d4 e6 2. c4 b6 3. Nc3 Bb7 4. a3 Nf6 5. Nf3 d5 6. cxd5 Nxd5 7.
Qc2 Be7 8. e4 Nxc3 9. bxc3 c5 10.
Bd3 Nc6 11. Bb2 Rc8 12. Qe2 cxd4 13. cxd4 Qc7 14. O-O O-O 15. Rad1 Rfd8 16. Rfe1 Na5 17. Ne5 Nc6 18. Nxc6 Qxc6 19. Qg4 Qa4 20. d5 Bf8 21.
dxe6 fxe6 22. Qxe6+ Kh8 23. Qh3 Qb3 24. e5 Qxb2 25. Qxh7# 1-0

[Event "Late-Titled-Tuesday-Blitz-April-02-2024"]
[Site "Chess.com"]
[Date "2024.04.02"]
[Round "2"]
[White "Shahdad2007"]
[Black "Iball95"]
[Result "0-1"]
[WhiteElo "2583"]
[BlackElo "2922"]
[TimeControl "180+1"]
[EndTime "14:13:47 PDT"]
[Termination "Iball95 won by resignation"]

1. Nf3 d5 2. c4 e6 3. g3 Nf6 4. Bg2 c5 5. cxd5 exd5 6. d4 Nc6 7. Nc3 Be7 8. O-O O-O 9. dxc5 Bxc5 10. Bg5 d4 11.
Ne4 Be7 12. Nxf6+ Bxf6 13. Bxf6 Qxf6 14. Qd2 Re8 15. Rfd1 Bg4 16. Rac1 Rad8 17. b4 d3 18. Re1 dxe2 19. Qf4 Qxf4 20. gxf4 Nxb4 21. Ne5 Bh5 22. Bxb7 f6 23. Rc4 Rd1 0-1

[Event "Late-Titled-Tuesday-Blitz-April-02-2024"]
[Site "Chess.com"]
[Date "2024.04.02"]
[Round "2"]
[White "aa175"]
[Black "RealPerangel"]
[Result "0-1"]
[WhiteElo "2738"]
[BlackElo "2537"]
[TimeControl "180+1"]
[EndTime "14:13:58 PDT"]
[Termination "RealPerangel won by resignation"]

1. d4 c5 2. d5 Nf6 3. Nc3 Qa5 4.
Bd2 b5 5. f3 b4 6. Nb1 Nxd5 7.
e4 Nf6 8. Bc4 Ba6 9. Qe2 e6 10.
e5 Nd5 11. Nh3 Bxc4 12. Qxc4 Qc7 13. f4 d6 14. O-O Nc6 15. Ng5 Be7 16. Nxf7 Kxf7 17.
f5 Ke8 18. fxe6 Nb6 19. Qg4 g6 20. exd6 Qxd6 21. Bf4 Qd4+ 22. Kh1 Rf8 23. Nd2 Bd6 24. Qh5 gxh5 0-1

[Event "Late-Titled-Tuesday-Blitz-April-02-2024"]
[Site "Chess.com"]
[Date "2024.04.02"]
[Round "2"]
[White "Switzerlamb"]
[Black "DrKerfuffle"]
[Result "0-1"]
[WhiteElo "2549"]
[BlackElo "2781"]
[TimeControl "180+1"]
[EndTime "14:14:01 PDT"]
[Termination "DrKerfuffle won by resignation"]

1. Nf3 c5 2. c4 Nc6 3. Nc3 g6 4. g3 Bg7 5. Bg2 Nh6 6. O-O Nf5 7.
d3 O-O 8. Rb1 e6 9. Ne1 b6 10.
a3 Bb7 11. Bd2 d6 12. b4 Qd7 13. bxc5 dxc5 14. Nc2 Ncd4 15. Bxb7 Qxb7 16. a4 h5 17. h4 Qc6 18. a5 bxa5 19. Ra1 Nb3 20. Ra3 Nxd2 21. Qxd2 Rfb8 22. Rfa1 Rb2 23. Qc1 Rab8 24.
R1a2 Bxc3 0-1

[Event "Late-Titled-Tuesday-Blitz-April-02-2024"]
[Site "Chess.com"]
[Date "2024.04.02"]
[Round "2"]
[White "yobdc"]
[Black "Gabcur"]
[Result "1-0"]
[WhiteElo "2591"]
[BlackElo "2323"]
[TimeControl "180+1"]
[EndTime "14:14:02 PDT"]
[Termination "yobdc won by resignation"]

1. d4 d5 2. Bf4 Nf6 3. e3 c5 4. Nd2 e6 5. c3 Bd6 6. Ngf3 O-O 7. Bxd6 Qxd6 8. Ne5 Nc6 9. f4 b6 10. Bd3 Bb7 11. Qf3 Ne7 12. g4 g6 13. h4 Ne4 14. h5 f6 15. hxg6 fxe5 16. Qh3 Rf6 17. Qxh7+ Kf8 18. dxe5 1-0

[Event "Late-Titled-Tuesday-Blitz-April-02-2024"]
[Site "Chess.com"]
[Date "2024.04.02"]
[Round "2"]
[White "bipe137"]
[Black "olga-belka"]
[Result "1-0"]
[WhiteElo "2652"]
[BlackElo "2355"]
[TimeControl "180+1"]
[EndTime "14:14:05 PDT"]
[Termination "bipe137 won by resignation"]

1. d4 Nf6 2. c4 g6 3. Nc3 d5 4.
cxd5 Nxd5 5. e4 Nxc3 6. bxc3 Bg7 7. Bc4 c5 8. Ne2 O-O 9. Be3 Nc6 10. h4 h5 11. Rc1 Na5 12. Bd3 c4 13. Bc2 b5 14. f3 Qd6 15. e5 Qd7 16. Nf4 e6 17. g4 hxg4 18. h5 g5 19. h6 gxf4 20. hxg7 Kxg7 21.
Rh7+ Kg8 22. Bxf4 Qd5 23. Qe2 Qxf3 24. Qh2 1-0

[Event "Late-Titled-Tuesday-Blitz-April-02-2024"]
[Site "Chess.com"]
[Date "2024.04.02"]
[Round "2"]
[White "WindWhistler11"]
[Black "Agustin_Meza"]
[Result "1-0"]
[WhiteElo "2439"]
[BlackElo "2135"]
[TimeControl "180+1"]
[EndTime "14:14:05 PDT"]
[Termination "WindWhistler11 won on time"]

1. Nf3 Nf6 2. g3 d5 3. Bg2 e6 4. d3 Be7 5. Nbd2 b5 6. e4 a5 7. e5 Nfd7 8. O-O a4 9. Re1 a3 10. c4 axb2 11. Bxb2 bxc4 12. dxc4 c6 13. h4 O-O 14. Nf1 1-0

[Event "Late-Titled-Tuesday-Blitz-April-02-2024"]
[Site "Chess.com"]
[Date "2024.04.02"]
[Round "2"]
[White "DamianoLew95"]
[Black "hell3raiser"]
[Result "1-0"]
[WhiteElo "2803"]
[BlackElo "2385"]
[TimeControl "180+1"]
[EndTime "14:14:09 PDT"]
[Termination "DamianoLew95 won by checkmate"]

1. e4 e5 2. Nf3 Nc6 3. Bb5 a6 4. Bxc6 dxc6 5. O-O f6 6. d4 Bg4 7. dxe5 Qxd1 8. Rxd1 fxe5 9. h3 Bxf3 10. gxf3 Bd6 11. Nd2 O-O-O 12. Nc4 Ne7 13. Bg5 Rd7 14. Nxd6+ cxd6 15. Bxe7 Rxe7 16. Rxd6 Rf8 17. Kg2 Ref7 18. Rd3 Rf6 19.
Rg1 Kc7 20. Kf1 g6 21. Ke2 Rf4 22. Rg4 Rxg4 23. fxg4 g5 24. Rd1 h6 25. h4 Rg8 26. Rh1 Kd6 27. f3 Kc5 28. hxg5 hxg5 29. Rh6 b5 30. Re6 Kd4 31. Rxc6 Rh8 32. c3# 1-0